 Dungeon Crawl Stone Soup version 0.27-a0-1281-ge233d83751 (webtiles) character file.

Game seed: 1526414870879038125

128 Protosaurus the Changer (level 4, 0/32 HPs)
             Began as a Demonspawn Transmuter on June 13, 2021.
             Hit by a boomerang thrown by an orc (4 damage)
             ... on level 3 of the Dungeon.
             The game lasted 00:14:29 (2872 turns).

Protosaurus the Changer (Demonspawn Transmuter)     Turns: 2872, Time: 00:14:30

Health: 0/32       AC:  2    Str: 10    XL:     4   Next: 86%
Magic:  7/7        EV: 13    Int: 15    God:
Gold:   55         SH:  0    Dex: 20    Spells: 4/7 levels left

rFire    . . .     SeeInvis .     - Unarmed
rCold    . . .     Faith    .   (no shield)
rNeg     . . .     Spirit   .   a - +0 robe
rPois    .         Reflect  .   (helmet restricted)
rElec    .         Harm     .   (no cloak)
rCorr    .         Rampage  .   (no gloves)
Will     .....                  (no boots)
Stlth    ++........             (no amulet)
HPRegen  0.10/turn              q - +6 ring of dexterity
MPRegen  0.10/turn              (no ring)

@: no status effects
A: antennae 1, demonic guardian 1, foul stench 1
a: no special abilities


You were on level 3 of the Dungeon.
You visited 1 branch of the dungeon, and saw 3 of its levels.

You collected 70 gold pieces.
You spent 15 gold pieces at shops.

Inventory:

Hand Weapons
 g - a +0 shortbow
 i - a +0 hunting sling
 r - a +1 dagger of venom
Missiles
 j - 36 stones
 l - 21 bolts
 o - 35 sling bullets
Armour
 a - a +0 robe (worn)
Magical Staves
 k - a staff of poison
 p - a staff of cold
Jewellery
 c - an amulet of guardian spirit
 n - a ring of ice
 q - a +6 ring of dexterity (left hand)
Scrolls
 b - 3 scrolls of teleportation
 e - a scroll of enchant armour
 h - a scroll of identify
 m - a scroll of holy word {unknown}
Potions
 d - a potion of curing
 f - a potion of haste


   Skills:
 - Level 1.0 Fighting
 + Level 2.7 Dodging
 + Level 3.4 Unarmed Combat
 - Level 2.0 Spellcasting
 * Level 3.5 Transmutations


You had 4 spell levels left.
You knew the following spells:

 Your Spells              Type           Power      Damage    Failure   Level
a - Beastly Appendage     Tmut           24%        N/A       5%          1
b - Wereblood             Tmut           12%        N/A       8%          2

Your spell library contained the following spells:

 Spells                   Type           Power      Damage    Failure   Level
 Spider Form              Tmut/Pois      3%         N/A       32%         3
 Ice Form                 Ice/Tmut       6%         N/A       71%         4


Dungeon Overview and Level Annotations

Branches:
Dungeon (3/15)

Altars:

Shops:
D:1 (:*   D:2 =


Innate Abilities, Weirdness & Mutations

You have a pair of small antennae on your head.
A weak demonic guardian rushes to your aid.
You may rarely emit foul miasma when damaged in melee.


Message History

A magic dart appears from out of thin air!
The magic dart hits you.
* * * LOW HITPOINT WARNING * * *
You swap places.
Your primal bloodlust has ended.
Something barely misses your shadow imp.
Your shadow imp hits something.
Reactivating autopickup.
You feel a bit more experienced.
The orc throws a boomerang.
The boomerang misses your shadow imp. The boomerang hits you.
* * * LOW HITPOINT WARNING * * *
A demonic guardian appears!
You swap places.
The orc throws a boomerang.
The boomerang misses your shadow imp. The boomerang misses your quasit.
The boomerang misses you. What are your orders? t - Shout!
Orders for allies: a - Attack new target. r - Retreat! s - Stop attacking. g - Guard the area. f - Follow me.
Anything else - Cancel.
Gang up on whom?
Press: ? - help, Dir - move target, f - orc
Aim: an orc, wielding a +0 club and quivering boomerangs (ally target) Attack!
The orc completely misses your quasit.
Your quasit bites the orc.
Your quasit claws the orc. x2
The orc throws a boomerang.
The boomerang misses your quasit. The boomerang hits your shadow imp.
Your quasit closely misses the orc. x3
The orc throws a boomerang.
The boomerang misses your quasit. The boomerang misses your shadow imp.
The boomerang barely misses you.
Your quasit closely misses the orc.
Your quasit barely misses the orc. x2
Something hits your shadow imp.
You start resting.
Your quasit disappears in a puff of smoke!
An orc is nearby!
You are too injured to fight recklessly!
The orc throws a boomerang.
The boomerang hits you.
You die...

#.# #.#
#.# #.#
#.# #.#
#.# #.#
#@# #.#
#####.#
#...o.#
#.#####
#.# #.#
#.# #.#


You could see an orc.

Vanquished Creatures
  An orc wizard (D:3)
  Robin (D:2)
  2 adders
  An orc (D:3)
  3 bats
  7 endoplasms
  2 giant cockroaches
  11 goblins
  7 hobgoblins
  A quokka (D:1)
  6 ball pythons
  A frilled lizard (D:1)
  4 rats
47 creatures vanquished.

Vanquished Creatures (collateral kills)
  An orc wizard (D:3)
  A worm (D:2)
  A goblin (D:2)
  A hobgoblin (D:2)
4 creatures vanquished.

Grand Total: 51 creatures vanquished

Notes
Turn   | Place    | Note
-------+----------+-------------------------------------------
     0 | D:1      | Protosaurus the Demonspawn Transmuter began the quest for
                  | the Orb.
     0 | D:1      | Reached XP level 1. HP: 15/15 MP: 3/3
   404 | D:1      | Found Wyane's Book Shoppe.
   406 | D:1      | Found Asuce's Antique Weapon Shop.
   410 | D:1      | Gained mutation: A weak demonic guardian rushes to your
                  | aid. [demonic ancestry]
   410 | D:1      | Reached XP level 2. HP: 16/21 MP: 3/5
   679 | D:1      | Found Reutigh's Assorted Antiques.
   758 | D:1      | Bought a dark potion for 15 gold pieces
   862 | D:2      | Found Duenweth's Jewellery Shop.
   912 | D:2      | Found a faded altar of an unknown god.
  1309 | D:2      | Lost mutation: You have a pair of horns on your head.
                  | [demonic ancestry]
  1309 | D:2      | Lost mutation: You have a pair of small horns on your head.
                  | [demonic ancestry]
  1309 | D:2      | Gained mutation: You have a pair of small antennae on your
                  | head. [demonic ancestry]
  1309 | D:2      | Reached XP level 3. HP: 24/26 MP: 4/6
  1312 | D:2      | Learned a level 2 spell: Wereblood
  1684 | D:2      | Noticed Robin
  1689 | D:2      | Killed Robin
  2294 | D:3      | Gained mutation: You may rarely emit foul miasma when
                  | damaged in melee. [demonic ancestry]
  2294 | D:3      | Reached XP level 4. HP: 32/32 MP: 3/7
  2872 | D:3      | Hit by a boomerang thrown by an orc

Illustrated notes

Levels and vault maps discovered:
D:1:      mrwooster_arrival_arrow, layout_basic, serial_shops,
          nicolae_shop_waterfront, shop, shop, nicolae_shop_waterfront
D:2:      layout_basic, ebering_ecumenical_altar_mist, serial_shops,
          nicolae_shop_statue_plus, kennysheep_generic_room_6, uniq_robin
D:3:      kennysheep_big_flooded_room, layout_loops_ring

Skill      XL: |  1  2  3 |
---------------+----------+-----
Transmutations | 2 3 |  3.5
Dodging        | 2 |  2.7
Unarmed Combat | 3 |  3.4
Fighting       | |  1.0
Spellcasting   | |  2.0

Action                   |  1- 3 |  4- 6 || total
-------------------------+-------+-------++-------
Melee: Unarmed           |    98 |    29 ||   127
       Headbutt          |     8 |       ||     8
       Kick              |    19 |     2 ||    21
 Fire: Hunting sling     |     2 |    29 ||    31
 Cast: Beastly Appendage |    22 |     3 ||    25
       Wereblood         |     2 |     1 ||     3
  Use: Scroll            |     3 |     1 ||     4
       Potion            |       |     2 ||     2
Armor: Robe              |    13 |     9 ||    22
Dodge: Dodged            |    41 |    26 ||    67

Table legend: (Time is in decaauts)
 A = Elapsed time spent in this place.
 B = Non-inter-level travel time spent in this place.
 C = Inter-level travel time spent in this place.
 D = Time resting spent in this place.
 E = Time spent auto-exploring this place.
 F = Levels seen in this place.
 G = Mean time per level.
                   A        B        C        D        E       F      G
               +--------+--------+--------+--------+--------+-----+--------+
         Total |   2869 |   2564 |    305 |    952 |   1220 |   3 |  956.3 |
       Dungeon |   2869 |   2564 |    305 |    952 |   1220 |   3 |  956.3 |
               +--------+--------+--------+--------+--------+-----+--------+

Top non-repeatable levels by time:
     D:2: 1216 daAuts
     D:1: 837 daAuts
     D:3: 815 daAuts
